 Dungeon Crawl Stone Soup version 0.26-a0-501-g57170428f2 (webtiles) character file.

Game seed: 13331447715917732140

8221 Drachen the Protected (level 10, -10/81 HPs)
             Began as a Demigod Fighter on Aug 7, 2020.
             Killed from afar by an ice statue (12 damage)
             ... with a bolt of cold
             ... in an ice cave.
             The game lasted 00:32:27 (10160 turns).

Drachen the Protected (Demigod Fighter)            Turns: 10160, Time: 00:32:29

Health: -10/81     AC: 33    Str: 23    XL:     10   Next: 79%
Magic:  13/13      EV:  6    Int: 19    God:
Gold:   456        SH: 13    Dex: 21    Spells: 9/9 levels left

rFire    + . .     SeeInvis +   J - +6 hand axe "Hirr" {pain, Int+5 SInv}
rCold    + . .     Faith    .   c - +2 kite shield
rNeg     . . .     Spirit   .   t - +9 scales of the Dragon King {rPois rF+ rC+ MR+}
rPois    +         Reflect  .   l - +0 helmet
rElec    .         Harm     .   v - +1 cloak
rCorr    .                      (no gloves)
MR       ++...                  x - +0 pair of boots
Stlth    ..........             (no amulet)
HPRegen  0.23/turn              m - +6 ring of dexterity
MPRegen  0.13/turn              (no ring)

@: berserk cooldown, stab, slowed, very slow
A: blurry vision 1, clever 1, clumsy 1, high mp 1
a: no special abilities


You were in an ice cave.
You visited 2 branches of the dungeon, and saw 9 of its levels.
You also visited: Sewer and Ice Cave.

You collected 456 gold pieces.

Inventory:

Hand Weapons
 a - a +1 trident
 i - a +0 dagger of holy wrath
 J - the +6 hand axe "Hirr" (weapon) {pain, Int+5 SInv}
   (You found it on level 8 of the Dungeon)

   In the hands of one skilled in necromantic magic, it inflicts extra damage on
   living creatures.
   It affects your intelligence (+5).
   It lets you see invisible.
Missiles
 j - 31 poisoned darts (quivered)
 u - 6 atropa-tipped darts
 F - 7 boomerangs of dispersal
Armour
 c - a +2 kite shield (worn)
 l - a +0 helmet (worn)
 t - the +9 scales of the Dragon King (worn) {rPois rF+ rC+ MR+}
   (You found it on level 4 of the Dungeon)

   It protects you from fire.
   It protects you from cold.
   It protects you from poison.
   It affects your resistance to hostile enchantments.
 v - a +1 cloak (worn)
 x - a +0 pair of boots (worn)
Jewellery
 m - a +6 ring of dexterity (left hand)
Wands
 d - a wand of flame (75)
 e - a wand of polymorph (9)
 D - a wand of digging (6)
 H - a wand of acid (3)
Scrolls
 b - 4 scrolls of amnesia
 g - 7 scrolls of remove curse
 k - 2 scrolls of immolation
 n - 2 scrolls of identify
 r - a scroll of fear
 w - 3 scrolls of teleportation
 y - 2 scrolls of enchant weapon
 G - a scroll of enchant armour
 I - a scroll of fog
Potions
 o - 2 potions of brilliance
 q - 2 potions of degeneration
 A - a potion of cancellation
 C - a potion of flight {unknown}
 E - a potion of might


   Skills:
 - Level 5.0 Fighting
 - Level 3.7(5.0) Axes
 - Level 5.0(5.5) Polearms
 + Level 12.2 Armour
 - Level 5.0 Dodging
 - Level 5.0 Shields


You had 9 spell levels left.
You didn't know any spells.
Your spell library contained the following spells:

 Spells                   Type           Power        Failure   Level
 Corona                   Hex            #......      100%        1
 Ensorcelled Hibernation  Hex/Ice        #.....       100%        2
 Confusing Touch          Hex            #.......     100%        3
 Dazzling Flash           Conj/Hex       #.....       100%        3
 Tukima's Dance           Hex            #.......     100%        3
 Irradiate                Conj/Tmut      #.........   100%        5
 Hydra Form               Tmut           #.........   100%        6
 Statue Form              Tmut/Erth      #........    100%        6
 Dragon Form              Tmut           #.........   100%        7


Dungeon Overview and Level Annotations

Branches:
Dungeon (8/15)             Temple (0/1) D:6            Lair (1/6) D:8
  Sewer (visited)           IceCv (1/1)

Annotations:
IceCv 1 transporter, exclusion: 2 ice statues


Innate Abilities, Weirdness & Mutations

You have an increased reservoir of magic. (+10% MP)
Scrolls take you a little longer to read.
Your mind is acute. (Int +2)
You are clumsy. (Dex -2)


Message History

You are engulfed in freezing vapours.
You resist. You block the ice beast's attack.
You feel a strong urge to attack something.
The ice statue gestures at you. The freezing blast misses you.
The ice statue gestures at you.
The bolt of cold hits the ice beast.
The ice beast completely resists.
The bolt of cold hits you but does no damage.
You are engulfed in freezing vapours.
You resist.
You are no longer berserk.
You are exhausted.
You feel yourself slow down.
The ice statue gestures.
The ice statue gestures at you.
The bolt of cold hits the ice beast.
The ice beast completely resists.
The bolt of cold hits you! You resist.
* * * LOW HITPOINT WARNING * * *
The ice statue gestures at you.
The bolt of cold hits the ice beast.
The ice beast completely resists.
The bolt of cold hits you! You resist.
You die...

#####
###...####
##........##
#..........##
#....Y......##
#.8..8@○.....#
#(.$○○○○.....#
#©).☼YY○☼©.∩.#
#).$.○Y......#
#.8..8○○.....#
#....○○○....##
#.....○....##
##...†....##
###...####


You could see 2 ice statues and 4 ice beasts.

Vanquished Creatures
  2 two-headed ogres (D:8)
  Pikel (D:7)
  2 ugly things (IceCv)
  A cane toad (Lair:1)
  Maggie (D:7)
  2 ice devils (Lair:1)
  Prince Ribbit (D:8)
  A hippogriff (D:8)
  Sigmund (D:4)
  4 yaks (D:8)
  A basilisk (D:8)
  Menkaure (D:4)
  Duvessa (D:4)
  2 porcupines (D:8)
  Purgy (Sewer)
  7 ice beasts
  5 ogres
  A sky beast (D:8)
  A phantom (D:4)
  A centaur (D:6)
  4 crocodiles
  2 bullfrogs
  Blork the orc (D:3)
  Dowan (D:4)
  2 scorpions
  A howler monkey (D:8)
  2 centaur zombies
  A hound (D:7)
  2 bullfrog zombies
  A jelly (D:8)
  An orc priest (D:4)
  3 orc wizards
  A gnoll shaman (D:4)
  A bullfrog skeleton (D:8)
  An iguana (D:8)
  Natasha (thrice) (D:2)
  5 worker ants
  3 hound skeletons
  A howler monkey skeleton (D:4)
  9 gnolls
  8 adders
  A white imp (D:7)
  An adder skeleton (D:8)
  4 worms
  2 dart slugs
  4 leopard geckos
  25 orcs
  13 bats
  4 giant cockroaches
  2 goblins (D:1)
  4 hobgoblins
  23 jackals
  2 quokkas
  3 ball pythons
  A ball python skeleton (D:4)
  7 frilled lizards
  2 jackal skeletons (D:4)
  4 kobolds
  5 rats
  A fungus (Lair:1)
  A plant (D:8)
199 creatures vanquished.

Vanquished Creatures (others)
  A fungus (D:8)
1 creature vanquished.

Grand Total: 200 creatures vanquished

Notes
Turn   | Place    | Note
-------+----------+-------------------------------------------
     0 | D:1      | Drachen the Demigod Fighter began the quest for the Orb.
     0 | D:1      | Reached XP level 1. HP: 18/18 MP: 3/3
    96 | D:1      | Reached XP level 2. HP: 22/25 MP: 4/4
   559 | D:1      | Reached skill level 3 in Armour
  1092 | D:2      | Reached XP level 3. HP: 31/31 MP: 5/5
  1378 | D:2      | Noticed Natasha
  1387 | D:2      | Killed Natasha
  1387 | D:2      | Reached XP level 4. HP: 7/38 MP: 6/6
  1819 | D:2      | Found a faded altar of an unknown god.
  1922 | D:2      | Noticed an ogre
  1937 | D:2      | Noticed Natasha
  1938 | D:2      | Killed an ogre
  1938 | D:2      | Reached XP level 5. HP: 34/45 MP: 7/7
  1945 | D:2      | Killed Natasha
  2142 | D:2      | Noticed Natasha
  2155 | D:2      | Killed Natasha
  3470 | D:4      | Noticed Blork the orc
  3472 | D:4      | Noticed Duvessa
  3473 | D:4      | Noticed an ogre
  3482 | D:4      | Noticed Dowan
  3492 | D:3      | Killed Blork the orc
  3492 | D:3      | Reached skill level 4 in Armour
  3492 | D:3      | Reached XP level 6. HP: 43/52 MP: 8/8
  3831 | D:4      | Killed Duvessa
  3837 | D:4      | Killed Dowan
  3837 | D:4      | Reached skill level 1 in Dodging
  3883 | D:4      | Reached XP level 7. HP: 48/60 MP: 9/9
  3994 | D:4      | Found a snail-covered altar of Cheibriados.
  3995 | D:4      | Noticed Sigmund
  3998 | D:4      | Noticed Menkaure
  4104 | D:4      | Found the +9 scales of the Dragon King {rPois rF+ rC+ MR+}
  4524 | D:4      | Killed Menkaure
  4524 | D:4      | Reached skill level 5 in Fighting
  4524 | D:4      | Reached skill level 5 in Armour
  4524 | D:4      | Reached skill level 5 in Shields
  4536 | D:4      | Killed Sigmund
  4536 | D:4      | Reached XP level 8. HP: 44/68 MP: 10/10
  4580 | D:4      | Reached skill level 5 in Polearms
  4655 | D:4      | Reached skill level 6 in Armour
  5021 | D:5      | Entered Level 5 of the Dungeon
  5646 | D:6      | Reached skill level 7 in Armour
  5803 | D:6      | Found a glowing drain.
  5824 | Sewer    | Entered a sewer
  5864 | Sewer    | Noticed Purgy
  5883 | Sewer    | Killed Purgy
  5989 | D:6      | Found a staircase to the Ecumenical Temple.
  6389 | D:6      | Reached skill level 8 in Armour
  6567 | D:7      | Noticed Pikel
  6589 | D:7      | Killed Pikel
  6589 | D:7      | Reached skill level 9 in Armour
  6589 | D:7      | Reached XP level 9. HP: 58/74 MP: 11/11
  6832 | D:7      | Found a stormy altar of Qazlal.
  6844 | D:7      | Noticed Maggie
  6891 | D:7      | Killed Maggie
  7052 | D:7      | Found a shimmering altar of Xom.
  7057 | D:7      | Found a shimmering altar of Xom.
  7064 | D:7      | Found a shimmering altar of Xom.
  7064 | D:7      | Found a shimmering altar of Xom.
  7066 | D:7      | Found a shimmering altar of Xom.
  7072 | D:7      | Found a shimmering altar of Xom.
  7072 | D:7      | Found a shimmering altar of Xom.
  7317 | D:8      | Found a staircase to the Lair.
  7350 | D:8      | Reached skill level 10 in Armour
  7468 | D:8      | HP: 2/74 [crocodile (10)]
  7959 | D:8      | Noticed a two-headed ogre
  7968 | D:8      | Killed a two-headed ogre
  7968 | D:8      | Reached XP level 10. HP: 61/81 MP: 13/13
  8213 | D:8      | Found a sacrificial altar of Ru.
  8237 | D:8      | Got a fine hand axe
  8238 | D:8      | Identified the +6 hand axe "Hirr" {pain, Int+5 SInv} (You
                  | found it on level 8 of the Dungeon)
  8376 | D:8      | Found a sparkling altar of Nemelex Xobeh.
  8379 | D:8      | Found a radiant altar of Vehumet.
  8435 | D:8      | Noticed Prince Ribbit
  8582 | D:8      | Noticed a two-headed ogre
  8603 | D:8      | Killed a two-headed ogre
  8603 | D:8      | Reached skill level 1 in Axes
  8603 | D:8      | Reached skill level 11 in Armour
  8603 | D:8      | Reached skill level 5 in Dodging
  9355 | D:8      | Gained mutation: You are frail. (-10% HP) [potion of
                  | mutation]
  9355 | D:8      | Gained mutation: Your flesh is heat resistant. (rF+)
                  | [potion of mutation]
  9356 | D:8      | Lost mutation: Your flesh is heat resistant. (rF+) [potion
                  | of mutation]
  9356 | D:8      | Lost mutation: You are frail. (-10% HP) [potion of
                  | mutation]
  9356 | D:8      | Gained mutation: You are clumsy. (Dex -2) [potion of
                  | mutation]
  9356 | D:8      | Gained mutation: Scrolls take you a little longer to read.
                  | [potion of mutation]
  9356 | D:8      | Gained mutation: Your mind is acute. (Int +2) [potion of
                  | mutation]
  9405 | D:8      | Killed Prince Ribbit
  9646 | Lair:1   | Entered Level 1 of the Lair of Beasts
  9879 | Lair:1   | Found a frozen archway.
 10059 | IceCv    | Entered an ice cave
 10059 | IceCv    | Noticed a white ugly thing
 10069 | IceCv    | Killed a white ugly thing
 10074 | IceCv    | Reached skill level 12 in Armour
 10083 | IceCv    | Found a transporter.
 10111 | IceCv    | Noticed an ice statue
 10111 | IceCv    | Noticed a white ugly thing
 10111 | IceCv    | Noticed an ice statue
 10115 | IceCv    | Found a transporter.
 10123 | IceCv    | Killed a white ugly thing
 10160 | IceCv    | HP: 2/81 [ice statue/bolt of cold (8)]
 10160 | IceCv    | Killed from afar by an ice statue

Illustrated notes

Levels and vault maps discovered:
D:1:      minmay_arrival_diagonal_passages, layout_basic
D:2:      layout_basic, serial_glass, glass_columns_b, glass_columns_a,
          chequers_ecumenical_altar_simple_redux, wad_orctagon, uniq_natasha
D:3:      layout_basic
D:4:      layout_cave_pools, minmay_stone_trees_medium, cheibriados_altar_1,
          uniq_duvessa, uniq_sigmund, uniq_blork_the_orc, uniq_menkaure
D:5:      layout_loops_ring
D:6:      layout_loops_ring, minmay_temple_entry_poolview,
          cheibrodos_sewer_entry_sluice
D:7:      layout_rooms, nicolae_xom_altar_mimics, kennysheep_mini_moat,
          uniq_pikel, uniq_maggie
D:8:      layout_basic, grunt_temple_overflow_open, minmay_lair_entry_grove,
          uniq_prince_ribbit1
Lair:1:   layout_roguey, portal_ice_cave_demonic_guard
IceCv:    ice_cave_statue_garden_transporter

Skill      XL: |  1  2  3  4  5  6  7  8  9 10 |
---------------+-------------------------------+-----
Polearms       | 2 3 4 5 |  5.0
Fighting       | 3 4 5 |  5.0
Armour         | 3 4 5 9 10 12 | 12.2
Shields        | 3 4 5 |  5.0
Dodging        | 1 4 5 |  5.0
Axes           | 3 |  3.7

Action                   |  1- 3 |  4- 6 |  7- 9 | 10-12 || total
-------------------------+-------+-------+-------+-------++-------
Melee: Trident           |   125 |   164 |   630 |    33 ||   952
       Hand axe          |       |       |       |   191 ||   191
Throw: Dart              |       |    10 |    10 |     4 ||    24
Evoke: Wand              |       |       |       |    10 ||    10
  Use: Scroll            |     2 |     6 |     5 |     5 ||    18
       Potion            |       |     8 |     2 |    12 ||    22
 Stab: Fleeing           |       |       |     1 |       ||     1
Armor: Scale mail        |    35 |    30 |       |       ||    65
       Gold dragon scale |       |       |   346 |   153 ||   499
       Ring mail         |       |       |     1 |       ||     1
Dodge: Dodged            |    37 |    28 |    50 |    63 ||   178
Block: Kite shield       |    63 |    91 |   375 |   150 ||   679

Table legend: (Time is in decaauts)
 A = Elapsed time spent in this place.
 B = Non-inter-level travel time spent in this place.
 C = Inter-level travel time spent in this place.
 D = Time resting spent in this place.
 E = Time spent auto-exploring this place.
 F = Levels seen in this place.
 G = Mean time per level.
                   A        B        C        D        E       F      G
               +--------+--------+--------+--------+--------+-----+--------+
         Total |  10345 |   9984 |    361 |   2303 |   5489 |  11 |  940.5 |
       Dungeon |   9723 |   9362 |    361 |   2074 |   5428 |   8 | 1215.4 |
          Lair |    406 |    406 |      0 |    229 |      0 |   1 |  406.0 |
         Sewer |    114 |    114 |      0 |      0 |     61 |   1 |  114.0 |
      Ice Cave |    101 |    101 |      0 |      0 |      0 |   1 |  101.0 |
               +--------+--------+--------+--------+--------+-----+--------+

Top non-repeatable levels by time:
     D:8: 2431 daAuts
     D:2: 1493 daAuts
     D:3: 1472 daAuts
     D:1: 1095 daAuts
     D:4: 1068 daAuts
     D:6: 821 daAuts
     D:7: 738 daAuts
     D:5: 601 daAuts
  Lair:1: 406 daAuts
   Sewer: 114 daAuts
   IceCv: 101 daAuts
